 Dungeon Crawl Stone Soup version 0.21.0-3-g78d12a8 (webtiles) character file.

32 letownia2 the Magician (level 3, 0/24 HPs)
             Began as a Vine Stalker Wizard on Jan 15, 2018.
             Slain by an adder (3 damage)
             ... on level 4 of the Dungeon.
             The game lasted 00:03:46 (1416 turns).

letownia2 the Magician (Vine Stalker Wizard)        Turns: 1416, Time: 00:03:47

Health: 0/24       AC: 21    Str: 10    XL:     3   Next: 25%
Magic:  0/8        EV:  2    Int: 18    God:
Gold:   55         SH:  0    Dex: 12    Spells: 1/8 levels left

rFire    . . .     SeeInvis .   f - +0 dagger
rCold    . . .     Gourm    .   (no shield)
rNeg     + + +     Faith    .   (armour currently unavailable)
rPois    +         Spirit   +   (helmet currently unavailable)
rElec    .         Reflect  .   (cloak currently unavailable)
rCorr    .         Harm     .   (gloves currently unavailable)
MR       .....     NoTele   +   (boots currently unavailable)
Stlth    ++........             (no amulet)
HPRegen  0.08/turn              (no ring)
MPRegen  0.11/turn              (no ring)

@: lethally poisoned (0 -> -8), tree-form, very slightly contaminated
A: magic shield, no potion heal 3, rot immunity
a: no special abilities


You were on level 4 of the Dungeon.
You were not hungry.
You were a tree.
You visited 2 branches of the dungeon, and saw 5 of its levels.

You collected 55 gold pieces.

Inventory:

Hand Weapons
 f - a +0 dagger (weapon)
Armour
 a - a +0 robe
 b - a +0 hat (melded)
 k - a +0 ring mail (melded)
Scrolls
 h - 2 scrolls of identify {unknown}
 i - a scroll of enchant armour {unknown}
 m - a scroll of fog {unknown}
Potions
 j - a potion of agility {unknown}
 l - a potion of heal wounds {unknown}
Books
 c - a book of Minor Magic

   Spells                             Type                      Level
   a - Magic Dart                     Conjuration                  1
   b - Blink                          Translocation                2
   c - Call Imp                       Summoning                    2
   d - Slow                           Hexes                        2
   e - Conjure Flame                  Conjuration/Fire             3
   f - Mephitic Cloud                 Conjuration/Poison/Air       3
Comestibles
 d - 3 rations


   Skills:
 - Level 1.5 Dodging
 - Level 2.4 Stealth
 - Level 3.2 Spellcasting
 + Level 2.9 Conjurations
   Level 1.0 Summonings
   Level 1.0 Translocations
 + Level 0.1 Fire Magic
 + Level 0.2 Air Magic
 + Level 0.2 Poison Magic


You had one spell level left.
You knew the following spells:

 Your Spells              Type           Power        Failure   Level  Hunger
a - Magic Dart            Conj           ##..         4%          1    None
b - Mephitic Cloud        Conj/Pois/Air  #.......     30%         3    ###....
c - Conjure Flame         Conj/Fire      #.......     26%         3    ###....


Dungeon Overview and Level Annotations

Branches:
Dungeon (4/15)             Temple (1/1) D:4

Altars:
Cheibriados
Gozag
Hepliaklqana
Ru
Trog
Uskayaw
Wu Jian
Zin
The Shining One

Annotations:
D:4 exclusions: worker ant and worm


Innate Abilities, Weirdness & Mutations

((You have extremely sharp teeth.))
When hurt, damage is shared between your health and your magic reserves.
((Your bite disrupts and absorbs the magic of your enemies.))
Potions cannot restore your health.
You are immune to rotting.


Message History

You feel sick. The adder bites you but does no damage.
Unknown command.
Unknown command.
You hit the adder but do no damage. Your bite misses the adder.
The adder is almost dead.
* * * LOW HITPOINT WARNING * * *
You feel sick. The adder bites you but does no damage.
Unknown command.
Unknown command.
Unknown command.
Wield which item (- for none, * to show all)? (? for menu, Esc to quit)
You don't have any such object.
Wield which item (- for none, * to show all)? (? for menu, Esc to quit)
Okay, then.
It was a potion of lignification.
You turn into a tree.
Your +0 hat melds into your body.
Your +0 ring mail melds into your body.
Your roots penetrate the ground.
* * * LOW HITPOINT WARNING * * *
You feel sick. The adder bites you but does no damage. The adder bites you.
You die...

### ##### ..# .....#
..### .....# ....######
#...[.# ..........
.......
......###########S....#
......+.........♣.....#
.........###..........+
...8.8.8.# #..........#
.#..⌠.⌠..###.####.....#
.#.8.>.8....... .......
.#..⌠.⌠........ ......#
.#.8.8.8....... ###+#..
.#.......###.### .#
.#.......###...


You could see an adder.

Vanquished Creatures
  2 oozes
  A dart slug (D:3)
  A leopard gecko (D:3)
  An orc (D:4)
  A bat (D:3)
  2 jackals (D:3)
  2 kobolds (D:3)
  A quokka (D:4)
  A frilled lizard (D:4)
  4 goblins (D:2)
  A leopard gecko skeleton (D:4)
  2 rats
19 creatures vanquished.

Notes
Turn   | Place    | Note
-------+----------+-------------------------------------------
     0 | D:1      | letownia2 the Vine Stalker Wizard began the quest for the Orb.
     0 | D:1      | Reached XP level 1. HP: 9/9 MP: 5/5
    30 | D:1      | You fall through a shaft!
   101 | D:2      | Reached XP level 2. HP: 7/13 MP: 0/7
   204 | D:3      | Found a hazy altar of Hepliaklqana.
   419 | D:4      | Noticed a phantom
   913 | D:4      | Reached XP level 3. HP: 15/16 MP: 3/8
   932 | D:4      | Learned a level 3 spell: Mephitic Cloud
   936 | D:4      | Learned a level 3 spell: Conjure Flame
   940 | D:4      | Noticed a black bear
  1132 | D:4      | Found a staircase to the Ecumenical Temple.
  1284 | Temple   | Entered the Ecumenical Temple
  1416 | D:4      | Slain by an adder

Skill      XL: |  1 |
---------------+----+-----
Conjurations   | 2 |  2.9
Dodging        | |  1.5
Stealth        | |  2.4
Spellcasting   | |  3.2
Summonings     | |  1.0
Translocations | |  1.0
Fire Magic     | |  0.1
Air Magic      | |  0.2
Poison Magic   | |  0.2

Action                   || total
-------------------------++-------
Melee: Unarmed           ||     2
       Dagger            ||    31
       Bite              ||     6
 Cast: Magic Dart        ||    55
  Use: Potion            ||     1
  Eat: Chunk             ||     1
Armor: Ring mail         ||    18
       Skin              ||     1
Dodge: Dodged            ||    27
